 Dungeon Crawl Stone Soup version 0.18-a0-1747-g18c4181 (webtiles) character file.

82166 dobroeutro the Peltast (level 15, 0/97 HPs)
             Began as a Gargoyle Fighter on Apr 12, 2016.
             Was the Champion of Okawaru.
             Slain by a 19-headed hydra (10 damage)
             ... on level 13 of the Dungeon.
             The game lasted 01:13:06 (23798 turns).

dobroeutro the Peltast (Gargoyle Fighter)          Turns: 23798, Time: 01:13:07

Health: 0/97       AC: 43    Str: 22    XL:     15   Next: 72%
Magic:  21/21      EV: 12    Int: 11    God:    Okawaru [******]
Gold:   1810       SH: 25    Dex: 13    Spells: 0 memorised, 14 levels left

rFire  + . .     SeeInvis +     o - +11 hand axe "Tomubu" {freeze, Str-4 Dex+4 SInv}
rCold  + . .     Gourm    +     Z - +8 chain mail of Gravity {-Cast rElec rN++ MR+}
rNeg   + + +     Faith    .     T - +3 large shield
rPois  ∞         Spirit   .     x - +1 hat
rElec  +         Dismiss  .     l - +2 cloak of Starlight {rElec rC+ EV+4 Stlth--}
rCorr  .         Reflect  .     W - +2 pair of gloves {Str+3}
SustAt .         Harm     .     (no boots)
MR     ++++.     NoCast   +     S - amulet of the gourmand
Stlth  ..........               w - ring of protection from fire
                                i - ring of protection from magic

@: about to teleport, incredibly resistant to hostile enchantments, extremely
unstealthy
A: big wings, beak, rough black scales 1, high mp 1, magic resistance 1,
negative energy resistance 1, electricity resistance, unbreathing, petrification
resistance, no device heal 1, rot immunity, AC +11
a: Fly, Heroism, Finesse, Renounce Religion


You were on level 13 of the Dungeon.
You worshipped Okawaru.
Okawaru was exalted by your worship.
You were full.

You visited 3 branches of the dungeon, and saw 23 of its levels.

You collected 1810 gold pieces.

Inventory:

Hand Weapons
 a - a +2 flail
 o - the +11 hand axe "Tomubu" (weapon) {freeze, Str-4 Dex+4 SInv}
   (You found it on level 6 of the Dungeon)

   It has been specially enchanted to freeze those struck by it, causing extra
   injury to most foes and up to half again as much damage against particularly
   susceptible opponents.
   It can also slow down cold-blooded creatures.
   It affects your strength (-4).
   It affects your dexterity (+4).
   It lets you see invisible.
Armour
 l - the +2 cloak of Starlight (worn) {rElec rC+ EV+4 Stlth--}
   (You found it on level 8 of the Lair of Beasts)

   It affects your evasion (+4).
   It protects you from cold.
   It insulates you from electricity.
   It makes you much less stealthy.
 x - a +1 hat (worn)
 R - a +2 chain mail of cold resistance
 T - a +3 large shield (worn)
 W - a +2 pair of gloves of strength (worn)
 Z - the +8 chain mail of Gravity (worn) {-Cast rElec rN++ MR+}
   (You found it on level 5 of the Lair of Beasts)

   It insulates you from electricity.
   It greatly protects you from negative energy.
   It affects your resistance to hostile enchantments.
   It prevents spellcasting.
Rods
 E - a +3 lightning rod (10/10)
   (You found it on level 8 of the Lair of Beasts)
Jewellery
 i - a ring of protection from magic (left hand)
 w - a ring of protection from fire (right hand)
 B - an uncursed ring of protection from magic
 Q - an uncursed ring of fire
 S - an amulet of the gourmand (around neck)
Wands
 b - a wand of flame (26/48)
 p - a wand of confusion (23/48)
 q - a wand of confusion (10/48)
 s - a wand of paralysis (11/24)
 t - a wand of lightning (13/15)
 H - a wand of flame (24/48)
 J - a wand of digging (1/24)
 M - a wand of acid (6/15)
Scrolls
 e - 10 scrolls of identify
 h - 4 scrolls of blinking
 r - 2 scrolls of recharging
 u - 3 scrolls of fear
 v - 3 scrolls of magic mapping
 F - a scroll of brand weapon {unknown}
 K - 3 scrolls of enchant weapon
 L - 8 scrolls of remove curse
 N - 2 scrolls of summoning {unknown}
 O - a scroll of acquirement {unknown}
 Y - 2 scrolls of fog {unknown}
Potions
 c - a potion of agility
 d - a potion of might
 k - a potion of invisibility
 m - 6 potions of curing
 z - 2 potions of berserk rage
 V - a potion of haste
Miscellaneous
 y - a box of beasts
Comestibles
 f - 18 bread rations
 g - 23 beef jerkies
 j - 20 fruits
 n - 9 slices of pizza
 C - a royal jelly
 G - 8 meat rations


   Skills:
 + Level 12.3 Fighting
 + Level 10.6(10.8) Axes
 - Level 3.2(8.1) Maces & Flails
 + Level 11.5 Armour
 + Level 2.4 Dodging
 + Level 18.6 Shields
 * Level 6.4 Invocations
 * Level 5.3 Evocations


You had 14 spell levels left.
You didn't know any spells.

Dungeon Overview and Level Annotations

Branches:
Dungeon (14/15)            Temple (1/1) D:4            Lair (8/8) D:9
  Swamp (0/4) Lair:6        Snake (0/4) Lair:4        Slime (0/6) Lair:8
    Orc (0/2) D:12         Vaults (0/5) D:13

Altars:
Ashenzari
Cheibriados
Dithmenos
Elyvilon
Fedhas
Gozag
Kikubaaqudgha
Makhleb
Nemelex Xobeh
Okawaru
Pakellas
Qazlal
Ru
Sif Muna
Trog
Vehumet
Xom
Yredelemnul
Zin
The Shining One


Innate Abilities, Weirdness & Mutations

You are resistant to torment.
Your stone body is resilient (AC +11).
You are immune to poison.
Your large and strong wings let you fly indefinitely.
You resist negative energy.
You are resistant to electric shocks.
You can survive without breathing.
You are immune to petrification.
You are immune to rotting.
You have a beak for a mouth.
You are partially covered in rough black scales (AC +4, Dex -1).
You have an increased reservoir of magic (+10% MP).
You are resistant to hostile enchantments.
Potions and wands are less effective at restoring your health.


Message History

Okay, then.
You lop one of the 18-headed hydra's heads off!
The 17-headed hydra grows two more!
You slash the 19-headed hydra! You freeze the 19-headed hydra.
The 19-headed hydra is lightly wounded.
You hit the orc wizard. You freeze the orc wizard.
The orc wizard is heavily wounded.
You block the orc wizard's attack.
You hit the orc wizard. You freeze the orc wizard.
The orc wizard is severely wounded.
Your chain mail of Gravity prevents you from hitting the 19-headed hydra.
The 19-headed hydra is lightly wounded.
You block the orc wizard's attack. You block the 19-headed hydra's attack.
The 19-headed hydra bites you!
* * * LOW HITPOINT WARNING * * *
You block the 19-headed hydra's attack.
The 19-headed hydra bites you but does no damage.
The 19-headed hydra barely misses you. The 19-headed hydra closely misses you.
You block the 19-headed hydra's attack. The 19-headed hydra bites you!
You die...

#########.####.#.#..........#....
...............#.#..........#....
######.........#.#PPPPPPPPPP#####
#...........############ #
#...................########
#.........#######...........
#.........# #...#######≈
#.........#######...# #≈
#.(.......D@oV..o...########
#........########...........
###########<................
####################..#####....
##..............................
#....################..#####.###
#....# #..# ###.### #....# #..#
#...... ##....################..#
###.###


You could see a 19-headed hydra, a vampire and 2 orc wizards.

Vanquished Creatures
  4 vault guards (D:13)
  A fire dragon (Lair:8)
  8 hydras
  A centaur warrior (D:13)
  2 catoblepae
  A death knight (D:12)
  11 death yaks
  Urug (Lair:1)
  Sonja (D:13)
  An unseen horror (D:12)
  A deep elf archer (D:13)
  4 hill giants
  Pikel (D:8)
  A griffon (Lair:8)
  An orc knight (D:13)
  A wolf spider zombie (D:13)
  2 orc sorcerers (D:13)
  A manticore (D:13)
  5 ugly things
  2 cyclopes
  3 black mambas
  14 elephants
  Psyche (D:9)
  2 gargoyles
  11 spiny frogs
  2 kobold demonologists (D:13)
  3 rime drakes
  A yaktaur (D:13)
  4 freezing wraiths
  12 komodo dragons
  A queen bee (D:13)
  3 trolls
  9 polar bears
  2 raiju (Lair:8)
  15 blink frogs
  5 slime creatures (D:14)
  A shadow (D:13)
  4 wyverns
  A human (D:7)
  3 hogs (D:7)
  A wraith (D:12)
  33 yaks
  3 hungry ghosts (D:10)
  17 hippogriffs
  2 vampire mosquitoes (D:13)
  4 basilisks
  4 steam dragons
  Menkaure (D:5)
  2 soldier ants (D:13)
  7 wargs (Lair:8)
  4 mottled dragons
  19 water moccasins
  14 porcupines
  6 hell hounds (Lair:8)
  2 swamp drakes (Lair:8)
  5 orc warriors
  2 sky beasts
  24 black bears
  4 ice beasts
  A wasp (D:11)
  A phantom (D:8)
  8 ogres
  21 wolves
  14 centaurs
  19 crocodiles
  18 giant frogs
  2 gnoll sergeants (D:9)
  3 big kobolds
  A wyvern zombie (D:12)
  2 scorpions
  20 killer bees
  8 wights (D:11)
  4 electric eels
  5 howler monkeys
  4 crimson imps
  5 centaur zombies
  3 centaur skeletons
  10 jellies
  21 hounds
  9 orc wizards
  7 orc priests
  A gnoll shaman (D:7)
  15 iguanas
  Terence (D:3)
  13 worker ants
  16 sheep
  A hound skeleton (D:7)
  4 worker ant zombies
  7 gnolls
  11 adders
  38 river rats
  A shadow imp (D:6)
  7 oozes
  An adder skeleton (D:7)
  An adder zombie (D:6)
  A worm (D:3)
  A dart slug (D:3)
  4 giant geckos
  65 orcs
  10 giant cockroaches
  11 goblins
  9 hobgoblins
  18 jackals
  23 kobolds
  A quokka (D:12)
  A ball python (D:2)
  15 bats
  3 giant newts
  A jackal skeleton (D:4)
  A quokka skeleton (D:9)
  11 rats
  6 fungi
  7 plants
792 creatures vanquished.

Vanquished Creatures (others)
  A slave (D:8)
  3 killer bees (D:8)
  A hound (D:8)
  2 orcs (D:8)
  8 fungi
  9 plants (Lair:8)
24 creatures vanquished.

Grand Total: 816 creatures vanquished

Notes
Turn   | Place    | Note
--------------------------------------------------------------
     0 | D:1      | dobroeutro the Gargoyle Fighter began the quest for the Orb.
     0 | D:1      | Reached XP level 1. HP: 14/14 MP: 1/1
   157 | D:1      | Reached XP level 2. HP: 15/19 MP: 2/2
   810 | D:2      | Reached XP level 3. HP: 23/23 MP: 3/3
  1570 | D:3      | Reached XP level 4. HP: 27/29 MP: 4/4
  1640 | D:3      | Noticed Terence
  1653 | D:3      | Killed Terence
  1653 | D:3      | Reached skill level 4 in Shields
  1817 | D:3      | Reached XP level 5. HP: 17/33 MP: 5/5
  2826 | D:4      | Reached XP level 6. HP: 38/38 MP: 6/6
  2851 | D:4      | Reached skill level 5 in Armour
  2851 | D:4      | Reached skill level 5 in Shields
  2899 | D:4      | Found a staircase to the Ecumenical Temple.
  2907 | Temple   | Entered the Ecumenical Temple
  3238 | D:5      | Entered Level 5 of the Dungeon
  3310 | D:5      | Noticed Menkaure
  3322 | D:5      | Killed Menkaure
  3322 | D:5      | Reached XP level 7. HP: 29/44 MP: 7/7
  3346 | D:5      | Reached skill level 6 in Shields
  3599 | D:5      | Found a blossoming altar of Fedhas.
  3722 | D:5      | Found an iron altar of Okawaru.
  3730 | D:5      | Became a worshipper of Warmaster Okawaru
  3886 | D:5      | Found an ancient bone altar of Kikubaaqudgha.
  4026 | D:6      | Got an encrusted hand axe
  4027 | D:6      | Identified the +11 hand axe "Tomubu" {freeze, Str-4 Dex+4 SInv} (You found it on level 6 of the Dungeon)
  4062 | D:6      | Found a deep blue altar of Sif Muna.
  4101 | D:6      | Reached XP level 8. HP: 26/48 MP: 8/8
  4331 | D:6      | Reached skill level 7 in Shields
  4348 | D:6      | Reached * piety under Okawaru
  4359 | D:6      | Reached skill level 5 in Fighting
  4565 | D:6      | Gained mutation: Your large and strong wings let you fly indefinitely. [mutagenic meat]
  4566 | D:6      | Gained mutation: You are partially covered in rough black scales (AC +4, Dex -1). [mutagenic meat]
  4567 | D:6      | Gained mutation: You have a pair of small horns on your head. [mutagenic meat]
  4831 | D:6      | Reached skill level 8 in Shields
  5047 | D:7      | Gained mutation: You are occasionally teleported next to monsters. [potion of mutation]
  5047 | D:7      | Gained mutation: You are weak. (Str -2) [potion of mutation]
  5047 | D:7      | Lost mutation: You have a pair of small horns on your head. [potion of mutation]
  5409 | D:7      | Reached ** piety under Okawaru
  5409 | D:7      | Reached XP level 9. HP: 45/55 MP: 9/9
  5420 | D:7      | Reached skill level 9 in Shields
  5493 | D:7      | Found Vilimp's Book Shop.
  5641 | D:7      | Found a huge runed gate.
  5641 | D:7      | Found a huge runed gate.
  5642 | D:7      | Found a huge runed gate.
  5643 | D:7      | Found a huge runed gate.
  5645 | D:7      | Noticed a polar bear
  6074 | D:7      | Reached skill level 10 in Shields
  6278 | D:8      | You fall through a shaft for 3 floors!
  6286 | D:11     | Noticed a white ugly thing
  6290 | D:11     | Noticed a purple ugly thing
  6306 | D:10     | Entered Level 10 of the Dungeon
  6338 | D:10     | Reached *** piety under Okawaru
  6372 | D:10     | Reached XP level 10. HP: 37/63 MP: 10/10
  6373 | D:10     | Reached skill level 11 in Shields
  6456 | D:10     | Noticed a hill giant
  6490 | D:10     | Killed a hill giant
  6525 | D:10     | Reached **** piety under Okawaru
  6702 | D:10     | Reached skill level 12 in Shields
  6723 | D:10     | Reached skill level 1 in Axes
  7122 | D:9      | Reached ***** piety under Okawaru
  7376 | D:9      | Noticed Psyche
  7388 | D:9      | Killed Psyche
  7388 | D:9      | Reached XP level 11. HP: 12/69 MP: 11/11
  7633 | D:9      | Reached skill level 13 in Shields
  7810 | D:9      | Found a staircase to the Lair.
  7948 | D:8      | Noticed Pikel
  7970 | D:8      | Killed Pikel
  8050 | D:8      | Gained mutation: You have an increased reservoir of magic (+10% MP). [potion of beneficial mutation]
  8169 | D:8      | Found an oddly glowing altar of Pakellas.
  8218 | D:8      | Received a gift from Okawaru
  9359 | D:11     | Found a basalt altar of Yredelemnul.
  9384 | D:11     | Noticed a cyclops
  9397 | D:11     | Killed a cyclops
  9478 | D:11     | Reached skill level 14 in Shields
  9582 | D:11     | Killed a red ugly thing
  9594 | D:11     | Killed a white ugly thing
  9665 | D:11     | Reached skill level 5 in Axes
  9953 | D:12     | Reached skill level 10 in Armour
  9998 | D:12     | Noticed a hill giant
  9999 | D:12     | Noticed a purple ugly thing
 10024 | D:11     | Killed a hill giant
 10024 | D:11     | Reached XP level 12. HP: 42/76 MP: 13/13
 10209 | D:12     | Gained mutation: Potions and wands are less effective at restoring your health. [mutagenic meat]
 10211 | D:12     | Lost mutation: You are occasionally teleported next to monsters. [mutagenic meat]
 10570 | D:12     | Noticed a death knight
 10890 | D:12     | Received a gift from Okawaru
 10893 | D:12     | Got a bloodstained hand axe {god gift}
 10894 | D:12     | Identified the +3 hand axe of Subterfuge {drain, rN+ MR+} (Okawaru gifted it to you on level 12 of the Dungeon)
 10986 | D:12     | Found a staircase to the Orcish Mines.
 11614 | D:13     | Reached skill level 15 in Shields
 11821 | D:13     | Noticed a soul eater
 12084 | D:13     | Noticed a centaur warrior
 12093 | D:13     | Killed a centaur warrior
 12164 | D:13     | Reached skill level 10 in Fighting
 12202 | D:13     | Received a gift from Okawaru
 12202 | D:13     | Reached ****** piety under Okawaru
 12284 | D:13     | Gained mutation: You are partially covered in yellow scales (AC +2). [mutagenic meat]
 12287 | D:13     | Lost mutation: You are weak. (Str -2) [mutagenic meat]
 12292 | D:13     | Noticed a vault guard
 12298 | D:13     | Noticed a vault guard
 12329 | D:13     | Received a gift from Okawaru
 12452 | D:13     | Noticed Sonja
 12467 | D:13     | Killed Sonja
 12552 | D:13     | Lost mutation: You are partially covered in yellow scales (AC +2). [mutagenic meat]
 12553 | D:13     | Gained mutation: You have a beak for a mouth. [mutagenic meat]
 12554 | D:13     | Gained mutation: You are resistant to hostile enchantments. [mutagenic meat]
 12589 | D:13     | Reached XP level 13. HP: 61/82 MP: 14/14
 12633 | D:13     | Reached skill level 16 in Shields
 12971 | D:13     | Noticed a vault guard
 13046 | D:13     | Killed a vault guard
 13059 | D:13     | Killed a vault guard
 13150 | D:13     | Found a gate to the Vaults.
 13152 | D:13     | Noticed a vault guard
 13204 | D:13     | Killed a vault guard
 13204 | D:13     | Received a gift from Okawaru
 13212 | D:13     | Killed a vault guard
 14361 | Lair:1   | Entered Level 1 of the Lair of Beasts
 14814 | Lair:1   | Noticed Urug
 14833 | Lair:1   | Killed Urug
 14952 | Lair:1   | Received a gift from Okawaru
 15536 | Lair:2   | Reached skill level 17 in Shields
 16050 | Lair:3   | Received a gift from Okawaru
 16504 | Lair:3   | Mutation became permanent: Your large and strong wings let you fly indefinitely. [Gargoyle growth]
 16504 | Lair:3   | Reached XP level 14. HP: 87/90 MP: 16/16
 16802 | Lair:4   | Reached skill level 1 in Invocations
 16814 | Lair:4   | Reached skill level 1 in Evocations
 17190 | Lair:4   | Found a staircase to the Snake Pit.
 18144 | Lair:5   | Got a slimy chain mail
 18155 | Lair:5   | Identified the +8 chain mail of Gravity {-Cast rElec rN++ MR+} (You found it on level 5 of the Lair of Beasts)
 19076 | Lair:6   | Found a staircase to the Swamp.
 19263 | Lair:6   | Reached skill level 1 in Dodging
 19452 | Lair:6   | Received a gift from Okawaru
 20637 | Lair:8   | Entered Level 8 of the Lair of Beasts
 20658 | Lair:8   | Found a staircase to the Slime Pits.
 20781 | Lair:8   | Reached skill level 18 in Shields
 20872 | Lair:8   | Reached XP level 15. HP: 80/96 MP: 20/20
 20899 | Lair:8   | Reached skill level 10 in Axes
 21052 | Lair:8   | Reached skill level 5 in Invocations
 21129 | Lair:8   | Received a gift from Okawaru
 21136 | Lair:8   | Got a pitted shield {god gift}
 21147 | Lair:8   | Identified the +0 shield "Caeczeri" {rN+ Str+4} (Okawaru gifted it to you on level 8 of the Lair of Beasts)
 21948 | Lair:8   | Reached skill level 5 in Evocations
 22119 | Lair:8   | Got an iridescent battleaxe
 22125 | Lair:8   | Identified the +5 battleaxe of Spring {freeze, Dex+4 Stlth+} (You found it on level 8 of the Lair of Beasts)
 23798 | D:13     | Slain by a 19-headed hydra

Vault maps used:
D:1:      mrwooster_arrival_statue_2, minmay_misc_feat_ornament
D:2:      first_bread
D:3:      uniq_terence
D:4:      minmay_temple_entry_butterflies
D:5:      nicolae_overflow_crystal_walls, kennysheep_mini_moat, fedhas_altar_1,
          uniq_menkaure
D:6:      corexii_item_surrounded_by_moat, led_sif_pool
D:7:      lemuel_bear_cage, serial_shops, shop_fountains, grunt_livestock
D:8:      johnstein_pakellas_dig, uniq_pikel
D:9:      grunt_lair_entry_orc_guard_hut, uniq_psyche
D:10:     kennysheep_nub, hangedman_abyss_or_decor_stagger
D:11:     basic_altar
D:12:     hiddenorc2_lemuel
D:13:     grunt_vaults_entry_fortified, nicolae_looking_at_the_future,
          uniq_sonja
D:14:     roderic_filled_cross, trog_ov_bears_minmay
Temple:   kilobyte_greek_temple_18
Lair:1:   uniq_urug
Lair:2:   hibernation_bobbens
Lair:3:   serial_bayou_ford_a
Lair:4:   dummy_snake_entry, beast_lair_carwin_4
Lair:6:   swamp_mist_pool, grunt_megastairs_3
Lair:7:   grunt_megastairs_4, serial_bayou_shore_a
Lair:8:   hangedman_lair_caniforms_friends, guppyfry_lair_end_dragon,
          nicolae_slime_entry_slimehenge, small_statue_intersection,
          nicolae_lair_yak_garden

Skill      XL: |  1  2  3  4  5  6  7  8  9 10 11 12 13 14 15 |
---------------+----------------------------------------------+-----
Armour         | 4 5 6 7 8 9 10 11 | 11.5
Shields        | 4 5 6 8 10 12 14 15 17 18 | 18.6
Fighting       | 4 5 7 8 9 10 11 12 | 12.3
Maces & Flails | 3 |  3.2
Axes           | 2 5 7 9 10 | 10.6
Invocations    | 4 6 |  6.4
Evocations     | 4 5 |  5.3
Dodging        | 1 2 |  2.4

Action                   |  1- 3 |  4- 6 |  7- 9 | 10-12 | 13-15 || total
-------------------------+-------+-------+-------+-------+-------++-------
Melee: Flail             |   127 |    31 |       |       |       ||   158
       Dagger            |       |   213 |   120 |       |       ||   333
       Hand axe          |       |       |   243 |   832 |  1462 ||  2537
       Headbutt          |       |       |     3 |       |       ||     3
       Peck              |       |       |       |       |   325 ||   325
Throw: Tomahawk          |       |     1 |     2 |     2 |     1 ||     6
Invok: Heroism           |       |       |     1 |     4 |     2 ||     7
 Abil: Stop Flying       |       |       |     1 |       |       ||     1
       Evoke Flight      |       |       |     1 |       |       ||     1
Evoke: Club              |       |       |       |     3 |    33 ||    36
  Use: Scroll            |       |    12 |     7 |     6 |    13 ||    38
       Potion            |       |       |     6 |     5 |       ||    11
 Stab: Paralysed         |       |       |       |       |    65 ||    65
       Confused          |       |       |       |       |     1 ||     1
  Eat: Chunk             |     1 |     7 |    14 |    43 |    37 ||   102
       Beef jerky        |       |       |       |     1 |       ||     1
Armor: Scale mail        |    54 |    99 |   129 |   357 |    16 ||   655
       Chain mail        |       |       |       |       |   738 ||   738
Dodge: Dodged            |    32 |    57 |    76 |   157 |   328 ||   650
Block: Shield            |    61 |   103 |    53 |       |       ||   217
       Large shield      |       |       |   188 |   890 |  1560 ||  2638
